 Dungeon Crawl Stone Soup version 0.28-a0-465-ge2dae52223 (webtiles) character file.

Game seed: 5070690452673094497

13436 robertstho the Thaumaturge (level 12, -12/85 HPs)
             Began as a Djinni Fire Elementalist on Sept 14, 2021.
             Was an Initiate of Gozag.
             Mangled by a death yak (24 damage)
             ... on level 11 of the Dungeon.
             The game lasted 00:24:26 (14514 turns).

robertstho the Thaumaturge (DjFE)                  Turns: 14514, Time: 00:24:26

Health: -12/85     AC:  6    Str:  7    XL:     12   Next: 32%
Gold:   1734       EV: 14    Int: 21    God:    Gozag SH:  0 Dex: 15

rFire   + + +      SeeInvis .   f - +2 bardiche (flame)
rCold   x . .      Faith    .   (shield currently unavailable)
rNeg    . . .      Spirit   .   z - +1 robe {Will+}
rPois   ∞          Reflect  .   y - +0 helmet
rElec   .          Harm     .   H - +0 cloak
rCorr   .          Rampage  .   p - +0 pair of gloves
Will    ++...                   (boots unavailable)
Stlth   ++........              h - amulet of Niczati {rF+ Regen+}
HPRegen 1.24/turn               c - ring of protection from fire
MPRegen 0.00/turn               a - ring of wizardry

@: gold aura, flying
A: sickness immunity, fire resistance 2, cold vulnerability 1, float, innate
caster, hp casting, extra vitality 1
a: Renounce Religion, Potion Petition, Call Merchant, Bribe Branch


You were on level 11 of the Dungeon.
You worshipped Gozag.
Gozag was most pleased with you.
You visited 2 branches of the dungeon, and saw 13 of its levels.
You also visited: Ossuary.

You collected 2606 gold pieces.
You spent 60 gold pieces at shops.
You paid 812 gold pieces to Gozag.

Inventory:

Hand Weapons
 b - a +0 dagger
 e - a +0 long sword
 f - a +2 bardiche of flaming (weapon)
Missiles
 m - 2 throwing nets
 D - 309 stones
Armour
 p - a +0 pair of gloves (worn)
 u - a +0 kite shield
 y - a +0 helmet (worn)
 z - a +1 robe of willpower (worn)
 H - a +0 cloak (worn)
Jewellery
 a - a ring of wizardry (right hand)
 c - a ring of protection from fire (left hand)
 h - the amulet of Niczati (around neck) {rF+ Regen+}
   (You acquired it on level 6 of the Dungeon)

   [amulet of regeneration]

   rF:        It protects you from fire.
   Regen:     It increases your rate of health regeneration.
Wands
 j - a wand of digging (11)
 s - a wand of paralysis (17)
 I - a wand of iceblast (19)
 J - a wand of flame (37)
 M - a wand of charming (12)
Scrolls
 d - 2 scrolls of silence
 g - 6 scrolls of enchant armour
 i - a scroll of noise {unknown}
 k - 4 scrolls of vulnerability
 l - 4 scrolls of teleportation
 n - 2 scrolls of torment
 o - 3 scrolls of fear
 E - 3 scrolls of brand weapon
 G - 3 scrolls of identify
Potions
 q - 4 potions of brilliance
 r - a potion of curing
 t - 4 potions of attraction
 v - a potion of haste
 w - 4 potions of invisibility
 x - 2 potions of heal wounds {unknown}
 A - 3 potions of ambrosia {unknown}
 B - 3 potions of might {unknown}
 C - a potion of lignification
 F - a potion of berserk rage
 K - a potion of magic {unknown}
 L - 2 potions of mutation {unknown}


   Skills:
 * Level 7.0 Fighting
 + Level 0.3 Long Blades
 + Level 2.2 Polearms
 + Level 4.6 Dodging
 + Level 3.7 Stealth
 * Level 12.7 Spellcasting
 + Level 0.4 Evocations


You had 10 spell levels left.
You knew the following spells:

 Your Spells              Type           Power      Damage    Failure   Level
a - Foxfire               Conj/Fire      100%       2x1d9     1%          1
b - Scorch                Fire           100%       2d10      1%          2
c - Conjure Flame         Conj/Fire      61%        6-21      1%          3
d - Inner Flame           Hex/Fire       61%        N/A       1%          3
e - Flame Wave            Conj/Fire      61%        3d11      1%          4
f - Sandblast             Erth           100%       2d20      1%          1
g - Static Discharge      Conj/Air       61%        N/A       1%          2
h - Ignite Poison         Fire/Tmut/Pois 61%        N/A       1%          3
i - Call Canine Familiar  Summ           61%        N/A       1%          3
j - Hailstorm             Conj/Ice       61%        3d13      1%          4
Your spell library was empty.

Dungeon Overview and Level Annotations

Branches:
Dungeon (12/15)            Temple (1/1) D:4            Lair (0/6) D:11
    Orc (0/2) D:10        Ossuary (visited)

Altars:
Ashenzari
Cheibriados
Dithmenos
Elyvilon
Fedhas
Gozag
Hepliaklqana
Kikubaaqudgha
Makhleb
Nemelex Xobeh
Okawaru
Qazlal
Ru
Sif Muna
Trog
Uskayaw
Vehumet
Wu Jian
Xom
Yredelemnul
Zin
The Shining One

Shops:
D:5 (   D:6 *


Innate Abilities, Weirdness & Mutations

You are immune to sickness and miasma.
You are immune to poison.
Your flesh is very heat resistant. (rF++)
You are vulnerable to cold. (rC-)
You float through the air rather than walking.
You learn spells naturally, not from books.
Your magical power is your life essence.
You have superior vitality. (+4 HP)


Message History

The death yak is almost dead.
The flame wave engulfs the death yak!
The death yak is moderately wounded.
The flame wave engulfs the death yak!
The death yak is heavily wounded.
The flame wave engulfs the yak!
The yak is heavily wounded.
The death yak barely misses you. The death yak gores you!
* * * LOW HITPOINT WARNING * * *
A wave of flame ripples out!
The flame wave engulfs the death yak but does no damage.
The death yak is heavily wounded.
The flame wave engulfs the death yak!
You kill the death yak!
The flame wave engulfs the death yak!
The death yak is heavily wounded.
The flame wave engulfs the death yak!
The death yak is severely wounded.
The flame wave engulfs the yak!
The yak is almost dead.
* * * LOW HITPOINT WARNING * * *
You finish channelling waves of flame.
The death yak gores you!
* * * LOW HITPOINT WARNING * * *
Okay, then.
As you read the scroll of fear, it crumbles to dust.
You assume a fearsome visage.
The yak looks frightened!
The death yak resists with some effort.
The death yak looks frightened!
The death yak resists with almost no effort.
The death yak looks frightened!
The death yak is distracted by your dazzling golden aura.
Unknown command.
You feel better. The death yak gores you!
* * * LOW HITPOINT WARNING * * *
The death yak snorts and paws the ground.
The death yak closely misses you.
The death yak bellows!
Unknown command.
The death yak gores you!!
You die...
Your body crumbles into a pile of gold.

#...# #..# #...#
#..# #...# #..#
#...# #..## ######
#...# #...# ?....#
###...# #...##
##.....## ##...##
##...#####Y.......
.....#
##...##..Y...Y...
...###
#.....@Y#.......
..##
##.##..##....##.
.## #.##.##
#YY.... ## #.##..
....>. #.##..#
..#... ..####.
..### .## #. ... #
. .


You could see 4 death yaks.

Vanquished Creatures
  A death yak (D:11)
  Sonja (D:10)
  Pikel (D:8)
  A harpy (shapeshifter) (D:9)
  Maurice (D:11)
  2 guardian serpents (D:11)
  An unseen horror (D:12)
  A freezing wraith (D:9)
  A kobold demonologist (D:10)
  A troll (D:9)
  A wyvern (D:6)
  19 yaks
  2 steam dragons
  8 orc warriors
  2 ice beasts
  2 necrophages
  A black bear (D:6)
  6 ogres
  A centaur (D:10)
  3 phantoms
  3 lemures (D:8)
  5 kobold brigands
  7 bullfrogs
  A gnoll sergeant (D:6)
  A water moccasin zombie (D:6)
  10 wights
  6 killer bees
  3 howler monkeys
  An electric eel (D:10)
  5 centaur zombies
  A bullfrog zombie (D:4)
  4 hounds
  3 jellies
  2 orc priests
  3 iguanas
  2 centaur skeletons
  A bullfrog skeleton (D:7)
  A scorpion zombie (D:5)
  12 orc wizards
  2 killer bee zombies
  A centaur simulacrum (D:9)
  8 mummies (Ossuary)
  2 howler monkey zombies
  10 gnolls
  7 adders
  A white imp (D:5)
  An ufetubus (D:7)
  An adder skeleton (D:4)
  A worm (D:2)
  A dart slug (D:3)
  43 orcs
  3 endoplasms
  4 giant cockroaches
  3 gnoll zombies (Ossuary)
  10 goblins
  8 hobgoblins
  6 jackals
  23 kobolds
  5 quokkas
  4 ball pythons
  11 bats
  8 frilled lizards
  3 hobgoblin zombies (Ossuary)
  2 kobold zombies (Ossuary)
  7 rats
302 creatures vanquished.

Vanquished Creatures (others)
  1008 foxfires
  11 plants (D:4)
1019 creatures vanquished.

Grand Total: 1321 creatures vanquished

Notes
Turn   | Place    | Note
-------+----------+-------------------------------------------
     0 | D:1      | robertstho the Djinni Fire Elementalist began the quest for
                  | the Orb.
     0 | D:1      | Reached XP level 1. HP: 15/15 MP: 0/0
   453 | D:1      | Reached XP level 2. HP: 10/21 MP: 0/0
  1039 | D:1      | Reached skill level 3 in Spellcasting
  1110 | D:1      | Reached XP level 3. HP: 23/25 MP: 0/0
  1110 | D:1      | Learned a level 1 spell: Sandblast
  1231 | D:1      | Found a faded altar of an unknown god.
  2315 | D:2      | Reached XP level 4. HP: 28/31 MP: 0/0
  3517 | D:3      | Reached XP level 5. HP: 33/36 MP: 0/0
  3517 | D:3      | Learned a level 2 spell: Static Discharge
  3522 | D:3      | Reached skill level 4 in Spellcasting
  3778 | D:3      | Reached skill level 1 in Fighting
  3865 | D:3      | Found an ornate altar of the Wu Jian Council.
  4097 | D:3      | Reached XP level 6. HP: 37/43 MP: 0/0
  4995 | D:4      | Found a staircase to the Ecumenical Temple.
  5002 | Temple   | Entered the Ecumenical Temple
  5105 | Temple   | Became a worshipper of Gozag Ym Sagoz the Greedy
  5332 | D:4      | Found a glowing silver altar of Zin.
  5359 | D:4      | Noticed an ogre
  5364 | D:4      | Killed an ogre
  5408 | D:4      | Noticed an ogre
  5413 | D:4      | Killed an ogre
  5414 | D:4      | Reached skill level 5 in Spellcasting
  5414 | D:4      | Reached XP level 7. HP: 45/49 MP: 0/0
  5414 | D:4      | Learned a level 3 spell: Ignite Poison
  5884 | D:4      | Reached skill level 6 in Spellcasting
  6162 | D:4      | Reached XP level 8. HP: 38/55 MP: 0/0
  6637 | D:5      | Entered Level 5 of the Dungeon
  6658 | D:5      | Found Omapobi's Antique Weapon Shoppe.
  7105 | D:5      | Found a hide-covered altar of Uskayaw.
  7177 | D:5      | Found a large runed translucent door.
  7178 | D:5      | Found a large runed translucent door.
  7214 | D:5      | Found a shimmering altar of Xom.
  7280 | D:5      | Found a white marble altar of Elyvilon.
  7466 | D:5      | Reached skill level 7 in Spellcasting
  7600 | D:6      | Found a snail-covered altar of Cheibriados.
  7618 | D:6      | Identified the +12 hand crossbow of Wyrd {freeze, Will+
                  | rCorr Int+4 SInv}
  7897 | D:6      | Reached XP level 9. HP: 41/61 MP: 0/0
  7897 | D:6      | Learned a level 3 spell: Call Canine Familiar
  8073 | D:6      | Reached skill level 8 in Spellcasting
  9087 | D:6      | Reached skill level 9 in Spellcasting
  9119 | D:6      | Reached XP level 10. HP: 36/69 MP: 0/0
  9405 | D:6      | Found a shadowy altar of Dithmenos.
  9660 | D:6      | Bought a scroll of identify for 30 gold pieces
  9660 | D:6      | Bought a scroll of identify for 30 gold pieces
  9661 | D:6      | Identified 2 scrolls of acquirement
  9664 | D:6      | Acquired the amulet of Niczati {rF+ Regen+}
  9671 | D:6      | Acquired a +2 bardiche of flaming
  9754 | D:7      | Reached skill level 5 in Fighting
 10269 | D:7      | Reached skill level 10 in Spellcasting
 10580 | D:7      | Identified the +2 robe "Obonk" {Str+6 Int+3 Dex-5}
 10678 | D:8      | Noticed Pikel
 10687 | D:8      | Killed Pikel
 10995 | D:8      | Found a sand-covered staircase.
 11176 | Ossuary  | Entered an ossuary
 12321 | D:9      | Reached XP level 11. HP: 74/76 MP: 0/0
 12321 | D:9      | Learned a level 4 spell: Hailstorm
 12366 | D:9      | Reached skill level 11 in Spellcasting
 12681 | D:9      | Noticed a harpy
 12684 | D:9      | Killed a harpy
 12921 | D:9      | Reached skill level 1 in Polearms
 12978 | D:9      | Found an iron altar of Okawaru.
 13041 | D:9      | Found a sparkling altar of Nemelex Xobeh.
 13203 | D:10     | Entered Level 10 of the Dungeon
 13546 | D:10     | Reached skill level 12 in Spellcasting
 13705 | D:10     | Noticed Sonja
 13711 | D:10     | Killed Sonja
 13712 | D:10     | Reached XP level 12. HP: 79/84 MP: 0/0
 13908 | D:10     | Found a staircase to the Orcish Mines.
 14003 | D:11     | Noticed Maurice
 14009 | D:11     | Killed Maurice
 14163 | D:12     | Noticed a boulder beetle
 14495 | D:11     | Found a staircase to the Lair.
 14495 | D:11     | Noticed a death yak
 14496 | D:11     | Noticed a death yak
 14500 | D:11     | Noticed a death yak
 14500 | D:11     | Noticed a death yak
 14507 | D:11     | Noticed a death yak
 14511 | D:11     | Killed a death yak
 14514 | D:11     | Mangled by a death yak

Illustrated notes

Levels and vault maps discovered:
D:1:      amcnicky_arrival_single_pillar, layout_basic,
          chequers_ecumenical_altar_simple, minmay_misc_feat_plants, st_stairs_9
D:2:      layout_basic, basic_altar, hex_medium
D:3:      layout_basic, mainiacjoe_overflow_small_starburst,
          kennysheep_nondescript
D:4:      layout_basic, zin_scriptorium, minmay_temple_entry_tees,
          lexackson_kobold_supper
D:5:      due_chaos_kobolds, layout_rooms, nicolae_elyvilon_peaceful_grove,
          eat_drink_and_be_merry_uskayaw, serial_shops, nicolae_take_the_stairs
D:6:      minmay_opposing_rooms, layout_loops_ring, lemuel_doored_altar,
          lemuel_crystal_altar, nicolae_dithmenos_through_a_glass_darkly,
          nicolae_vehumet_radiance, minmay_misc_feat_more_columns,
          minmay_checkerbox
D:7:      layout_basic, palyth_stone_intersect
D:8:      layout_cave_pools, lightli_ossuary_entry_decrepit_ruins, uniq_pikel
D:9:      wad_arrow_thing, layout_basic, kennysheep_okawaru_gauntlet,
          mainiacjoe_overflow_alcove_2
D:10:     layout_basic, david_orc_4, hangedman_abyss_or_decor_lesser_grid,
          uniq_sonja
D:11:     nrook_guardian_serpent_snake_passage, layout_layer_cave,
          dpeg_lair_monsters, uniq_maurice, uniq_harold
D:12:     layout_gridville, chequers_serial_rivers_micro_c,
          kennysheep_pointless_box, minmay_protected_statue, uniq_snorg
Temple:   minmay_temple_bridge_abc

Skill      XL: |  1  2  3  4  5  6  7  8  9 10 11 12 |
---------------+-------------------------------------+-----
Spellcasting   | 3 4 5 6 7 9 10 12 | 12.7
Stealth        | 2 3 |  3.7
Fighting       | 1 2 3 4 5 6 7 |  7.0
Dodging        | 3 4 |  4.6
Polearms       | 2 |  2.2
Long Blades    | |  0.3
Evocations     | |  0.4

Action                   |  1- 3 |  4- 6 |  7- 9 | 10-12 || total
-------------------------+-------+-------+-------+-------++-------
Melee: Long sword        |       |     6 |       |       ||     6
       Bardiche          |       |       |       |    26 ||    26
 Cast: Foxfire           |   106 |    67 |   131 |   293 ||   597
       Scorch            |       |    28 |    62 |    37 ||   127
       Flame Wave        |       |       |     7 |    37 ||    44
       Call Canine Famil |       |       |       |     4 ||     4
       Hailstorm         |       |       |       |     3 ||     3
Invok: Call Merchant     |       |       |       |     1 ||     1
Evoke: Wand              |       |       |       |     8 ||     8
  Use: Scroll            |       |     2 |     8 |    13 ||    23
       Potion            |       |       |       |     4 ||     4
 Stab: Sleeping          |       |     1 |       |     1 ||     2
Armor: Robe              |     1 |     2 |     6 |    42 ||    51
Dodge: Dodged            |     5 |    20 |    28 |   100 ||   153

Table legend: (Time is in decaauts)
 A = Elapsed time spent in this place.
 B = Non-inter-level travel time spent in this place.
 C = Inter-level travel time spent in this place.
 D = Time resting spent in this place.
 E = Time spent auto-exploring this place.
 F = Levels seen in this place.
 G = Mean time per level.
                   A        B        C        D        E       F      G
               +--------+--------+--------+--------+--------+-----+--------+
         Total |  14545 |  13387 |   1158 |    727 |  10746 |  14 | 1038.9 |
       Dungeon |  14203 |  13067 |   1136 |    727 |  10513 |  12 | 1183.6 |
        Temple |    124 |    103 |     21 |      0 |     88 |   1 |  124.0 |
       Ossuary |    217 |    217 |      0 |      0 |    145 |   1 |  217.0 |
               +--------+--------+--------+--------+--------+-----+--------+

Top non-repeatable levels by time:
     D:6: 1920 daAuts
     D:2: 1852 daAuts
     D:4: 1831 daAuts
     D:1: 1730 daAuts
     D:3: 1703 daAuts
     D:5: 1261 daAuts
     D:7: 964 daAuts
     D:9: 909 daAuts
    D:10: 804 daAuts
     D:8: 707 daAuts
    D:11: 476 daAuts
 Ossuary: 217 daAuts
  Temple: 124 daAuts
    D:12: 41 daAuts
